Map: Ruins of Seras

Players

wabbajack - Winner!

  • Race: Zerg Zerg
  • League: Gold

GOLT

  • Race: Zerg Zerg
  • League: Gold

VOD

Have the link to the VOD?

Description

Time

  • Played on: July 21, 2015, 8:01 p.m.
  • Length: 15:14
Show
View Real Time Build Order
Export as new Build Order

wabbajack Zerg - Winner!

Build Orders: Hatch First, Lurkers 

Get SALT Encoding   

  12  0:04  Drone  
  13  0:17  Overlord  
  13  0:21  Drone  
  14  0:26  Drone, Extractor  
  15  0:35  Drone  
  16  0:39  Drone  
  17  0:51  Drone  
  18  0:58  Hatchery  
  18  1:01  Extractor  
  18  1:03  Drone  
  17  1:12  Drone  
  18  1:21  Spawning Pool  
  17  1:28  Drone  
  18  1:33  Drone  
  19  1:44  Drone  
  20  1:55  Overlord  
  20  2:07  Queen  
  22  2:10  Queen  
  22  2:12  Zergling x2  
  22  2:14  Drone  
  26  2:16  Drone  
  27  2:24  Roach Warren  
  27  2:27  Drone x2  
  28  2:33  Metabolic Boost  
  28  2:48  Drone x2  
  28  2:49  Drone  
  31  2:56  Spine Crawler  
  30  3:01  Overlord  
  30  3:02  Overlord  
  30  3:19  Spine Crawler  
  29  3:30  Roach x4  
  29  3:31  Roach x3  
  43  3:39  Roach x2  
  47  3:43  Roach  
  47  3:47  Roach  
  51  4:02  Overlord  
  51  4:03  Overlord  
  51  4:23  Zergling x2  
  56  4:24  Zergling x18  
  61  4:32  Lair  
  61  4:37  Drone  
  61  4:38  Drone x3  
  65  4:44  Overlord  
  64  4:47  Overlord  
  64  5:05  Zergling x2  
  64  5:06  Zergling x10  
  70  5:10  Zergling x6  
  70  5:11  Zergling x4  
  60  5:45  Zergling x26  
  63  5:58  Roach x3  
  54  6:14  Ravager x2  
  54  6:15  Ravager  
  34  6:55  Zergling x2  
  34  6:56  Zergling x40  
  53  7:10  Hatchery  
  53  7:11  Overlord x2  
  52  7:17  Evolution Chamber  
  52  7:20  Evolution Chamber, Glial Reconstitution  
  50  7:23  Hatchery  
  50  7:25  Hydralisk Den  
  48  7:30  Drone  
  48  7:31  Drone x6  
  48  7:32  Drone x2  
  55  8:07  Extractor x2  
  55  8:09  Extractor  
  55  8:10  Muscular Augments  
  55  8:12  Zerg Missile Weapons Level 1  
  52  8:14  Drone x4  
  52  8:15  Drone x3  
  52  8:16  Drone x2  
  52  8:17  Drone  
  62  8:20  Drone  
  62  8:21  Drone x2  
  62  8:24  Queen  
  67  8:27  Queen  
  69  9:09  Lurker Den  
  69  9:25  Hydralisk x4, Roach  
  69  9:26  Roach x4  
  69  9:27  Extractor  
  69  9:29  Hatchery  
  85  9:31  Spore Crawler  
  85  9:32  Spine Crawler, Extractor  
  85  9:34  Drone  
  85  9:35  Drone x4  
  85  9:36  Drone  
  89  9:38  Drone  
  89  9:40  Drone  
  76  10:10  Overseer  
  76  10:11  Pneumatized Carapace  
  76  10:13  Overseer  
  76  10:16  Drone x3  
  76  10:17  Drone x5  
  76  10:18  Drone  
  76  10:19  Drone x3  
  76  10:20  Drone x2  
  90  10:21  Overlord  
  90  10:22  Overlord  
  90  10:27  Zerg Ground Armor Level 1  
  90  10:31  Zerg Missile Weapons Level 2  
  90  10:46  Lurker  
  90  10:47  Lurker x3  
  94  10:51  Drone  
  94  10:52  Drone x2  
  105  11:04  Overlord  
  90  11:34  Queen  
  90  11:36  Hydralisk  
  90  11:37  Hydralisk x7, Roach x3  
  90  11:38  Hydralisk x2, Roach x7  
  90  11:39  Roach  
  134  11:40  Overlord  
  134  11:41  Overlord  
  134  11:42  Overlord  
  133  12:14  Spine Crawler  
  132  12:17  Spine Crawler  
  131  12:26  Zerg Ground Armor Level 2  
  131  12:28  Hydralisk x5, Roach x2  
  131  12:29  Roach x5  
  155  12:31  Hatchery  
  155  12:32  Overlord  
  154  12:42  Overlord  
  154  12:45  Lurker x2  
  154  12:46  Lurker x3  
  154  12:49  Lurker  
  160  12:55  Overseer, Extractor x2  
  160  12:56  Overseer  
  160  12:57  Overlord  
  160  12:58  Overlord  
  158  13:04  Infestation Pit  
  157  13:19  Drone x2  
  160  13:20  Drone x4  
  161  13:42  Spore Crawler, Spine Crawler  
  136  14:41  Hydralisk x6, Roach x2  
  136  14:42  Hydralisk x6, Roach x6  
  136  14:43  Hydralisk, Roach x6  
  136  14:45  Overlord x3  
Show
View Real Time Build Order
Export as new Build Order

GOLT Zerg 

Build Orders: Hatch First, Lurkers 

Get SALT Encoding   

  12  0:02  Drone  
  13  0:12  Overlord  
  13  0:22  Overlord  
  13  0:35  Drone x2  
  15  0:37  Drone  
  16  0:59  Hatchery  
  15  1:14  Spawning Pool  
  15  1:17  Drone, Extractor  
  14  1:21  Drone  
  15  1:30  Drone  
  16  1:48  Drone  
  17  2:05  Roach Warren  
  17  2:06  Queen  
  17  2:07  Zergling x6  
  21  2:14  Queen  
  23  2:23  Drone x2  
  25  2:33  Metabolic Boost  
  25  2:36  Drone  
  26  3:05  Lair  
  26  3:09  Drone  
  26  3:10  Drone x2  
  26  3:11  Overlord  
  29  3:14  Extractor  
  29  3:17  Drone x2  
  29  3:18  Drone  
  31  3:36  Evolution Chamber  
  31  3:38  Drone  
  31  3:39  Evolution Chamber, Drone x3  
  33  3:41  Drone  
  34  4:13  Drone x2  
  34  4:14  Drone x3  
  39  4:18  Overlord  
  39  4:22  Hatchery  
  39  4:27  Roach  
  39  4:28  Roach  
  39  4:29  Overlord x2  
  43  4:40  Roach x3  
  43  4:41  Roach  
  51  4:54  Spine Crawler x2  
  49  5:01  Roach x2  
  49  5:02  Roach  
  49  5:03  Roach x2  
  59  5:10  Spine Crawler  
  58  5:16  Spine Crawler  
  50  5:29  Roach  
  50  5:30  Roach x4  
  32  6:01  Roach x3  
  32  6:02  Roach x2  
  38  6:14  Roach x2  
  38  6:24  Drone x2  
  30  6:44  Roach x3  
  28  6:59  Drone  
  28  7:00  Queen  
  27  7:04  Drone  
  28  7:15  Drone  
  29  7:24  Hydralisk Den  
  29  7:26  Drone  
  29  7:47  Lurker Den  
  27  7:52  Roach  
  27  7:53  Roach x2  
  33  8:13  Hydralisk  
  33  8:14  Hydralisk  
  37  8:30  Hydralisk  
  39  8:42  Hydralisk x2  
  43  8:57  Hydralisk  
  45  9:04  Drone x2  
  47  9:15  Lurker x2  
  49  9:28  Hatchery  
  48  10:10  Drone x6  
  48  10:11  Drone  
  55  10:22  Lurker  
  55  10:23  Lurker  
  55  10:27  Drone  
  58  10:41  Drone, Queen  
  50  11:37  Drone x3  
  50  11:40  Extractor  
  50  11:41  Extractor  
  48  11:49  Tunneling Claws  
  48  11:51  Burrow  
  48  11:59  Zerg Missile Weapons Level 1  
  48  12:12  Drone x2  
  48  12:13  Drone x3  
  48  12:15  Drone  
  54  12:52  Hatchery  
  54  12:58  Hydralisk x3  
  53  12:59  Hydralisk x4  
  67  13:19  Lurker  
  68  13:39  Overlord x2  
  68  13:46  Roach x5  
  43  14:09  Roach x2  
Tags
 
Add a new tag
Caveats
  • Supply blocks, unpowered buildings, or Contaminate may cause inaccurate times.
  • Supply counts are checked every 10 seconds.